cohdb
Replays
Latest Replays
All Replays
Popular Replays
Top Player Replays
Match Explorer
How It Works
Community
CoH3 Stats
Reddit
Sign in to upload your games and track your stats! →
Sign in with Steam
Match 44578441
Unlisted
Match 44578441
Overview
Messages
Build Orders
End
Panzerpioneer Squad
Panzerpioneer Squad
250 Light Carrier
Construct Light Support Kompanie
Combat Half-tracks
Selects Panzerjäger Kommand Battlegroup
Selects Mine Fields
Fire Support Elements
Vehicle Survival Package
Panzerjäger Squad
Assault Mechanized Group
Selects Tank Busters
Construct Panzerarmee Kommand
Emergency Repair Kits
Rapid Advance
Panzerjäger Squad
Selects Defensive Positions
Selects Butterfly Bomb Drop
Assault Mechanized Group
Goliath
Menthol Ciggies
SuckMeinKomf
dan legend
Fonzi
Black Baron
0
0
Comments
sign in to comment!
No comments posted yet!